 Dungeon Crawl Stone Soup version 0.25.1-2-g60ff931df9 (webtiles) character file.

Game seed: 6634980059014915125

343 melloss the Covert (level 6, -2/28 HPs)
             Began as a Spriggan Enchanter on Nov 20, 2020.
             Killed by divine providence
             ... invoked by an orc priest
              (11 damage)
             ... on level 4 of the Dungeon.
             The game lasted 00:18:04 (4406 turns).

melloss the Covert (Spriggan Enchanter)             Turns: 4406, Time: 00:18:05

Health: -2/28      AC:  2    Str: 10    XL:     6   Next: 31%
Magic:  0/11       EV: 22    Int: 19    God:
Gold:   188        SH:  0    Dex: 16    Spells: 8/11 levels left

rFire    . . .     SeeInvis +   a - +1 dagger
rCold    . . .     Gourm    .   (shield restricted)
rNeg     . . .     Faith    .   b - +0 robe
rPois    .         Spirit   +   (helmet restricted)
rElec    .         Reflect  .   (no cloak)
rCorr    .         Harm     .   (gloves unavailable)
MR       +....                  (boots unavailable)
Stlth    ++++......             c - amulet of guardian spirit
HPRegen  0.09/turn              g - +4 ring of evasion
MPRegen  0.12/turn              p - +6 ring of strength

@: lethally poisoned (-2 -> -11), very slightly contaminated, very quick
A: very small, unfitting armour, see invisible, herbivore, speed 3, slow
metabolism 2
a: no special abilities


You were on level 4 of the Dungeon.
You were hungry.

You visited 1 branch of the dungeon, and saw 4 of its levels.

You collected 188 gold pieces.

Inventory:

Hand Weapons
 a - a +1 dagger (weapon)
Missiles
 o - 7 poisoned darts (quivered)
Armour
 b - a +0 robe (worn)
Jewellery
 c - an amulet of guardian spirit (around neck)
 g - a +4 ring of evasion (left hand)
 p - a +6 ring of strength (right hand)
Scrolls
 e - a scroll of random uselessness {unknown}
 h - 4 scrolls of remove curse {unknown}
 l - 4 scrolls of identify {unknown}
 m - a scroll of enchant armour {unknown}
Potions
 f - 4 potions of heal wounds {unknown}
 i - 2 potions of degeneration {unknown}
 j - 2 potions of curing {unknown}
 k - a potion of lignification {unknown}
 n - 2 potions of might {unknown}
Comestibles
 d - a ration


   Skills:
 - Level 5.0 Short Blades
 - Level 3.0 Dodging
 - Level 8.0 Stealth
 + Level 3.1 Spellcasting
 + Level 3.9 Hexes


You had 8 spell levels left.
You knew the following spells:

 Your Spells              Type           Power        Failure   Level  Hunger
a - Corona                Hex            ###....      3%          1    None
b - Ensorcelled Hibernat  Hex/Ice        ##....       10%         2    ##.....

Your spell library contained the following spells:

 Spells                   Type           Power        Failure   Level  Hunger
 Confusing Touch          Hex            ###.....     9%          3    ###....
 Tukima's Dance           Hex            ###.....     9%          3    ###....
 Dazzling Flash           Conj/Hex       ##....       21%         3    ###....


Dungeon Overview and Level Annotations

Branches:
Dungeon (4/15)             Temple (0/1) D:4

Altars:
Trog

Annotations:
D:4 Grinder


Innate Abilities, Weirdness & Mutations

You are very small and have problems with some larger weapons.
You are too small for most types of armour.
You have supernaturally acute eyesight. (SInv)
You are a herbivore.
You cover ground extremely quickly.
You need to consume almost no food.


Message History

You are very lightly contaminated with residual magic.
Nothing appears to happen.
The orc priest completely misses you.
You hit the orc priest but do no damage.
The orc priest looks encouraged for a moment.
You hit the orc priest.
The orc priest is lightly wounded.
The orc priest hits you with a +0 flail of venom.
You are lethally poisoned!
You hit the orc priest.
The orc priest is moderately wounded.
You feel sick.
Casting: Ensorcelled Hibernation (safe; 10% risk of failure)
Confirm with . or Enter, or press ? or * to list all spells.
You don't have enough magic to cast that spell.
You hit the orc priest.
The orc priest is severely wounded.
You feel sick.
The orc priest mumbles some strange prayers to Beogh against you.
Beogh smites you!
You die...

...oo.!..#....#.#.#
.......#####..#...# #
....##. #o.#.###.#.. #
... #. #o.#........ #
## #. #..#.....#.. #
#.#####..#.#...... #
#................. +
########'#..#.###.# #
#.....@o.......##.# #
#.#####.....##.##.# #
#...........# ##
#####.....##.#..####.
..............#.....'.
.#....>....#.##.#####.
#.#######.......# #.
.. ##..#...# #. .
#..#.#.# ..


You could see an orc priest.

Vanquished Creatures
  An ogre (D:3)
  4 orc wizards
  A centaur skeleton (D:4)
  2 adders
  An adder skeleton (D:4)
  3 worms
  4 leopard geckos
  16 orcs
  2 ball pythons
  6 bats
  4 giant cockroaches
  4 goblins
  5 hobgoblins
  3 jackals (D:3)
  A quokka (D:3)
  2 frilled lizards
  10 kobolds
  8 rats
77 creatures vanquished.

Notes
Turn   | Place    | Note
-------+----------+-------------------------------------------
     0 | D:1      | melloss the Spriggan Enchanter began the quest for the Orb.
     0 | D:1      | Reached XP level 1. HP: 9/9 MP: 5/5
   441 | D:1      | Reached XP level 2. HP: 13/13 MP: 6/6
   480 | D:1      | Reached skill level 5 in Stealth
  1039 | D:2      | Reached XP level 3. HP: 13/16 MP: 5/8
  1462 | D:2      | Learned a level 2 spell: Ensorcelled Hibernation
  2099 | D:3      | Reached skill level 6 in Stealth
  2099 | D:3      | Reached XP level 4. HP: 21/21 MP: 6/9
  2112 | D:3      | Noticed an ogre
  2249 | D:3      | HP: 1/21 [orc priest/divine providence (12)]
  3049 | D:3      | Reached skill level 7 in Stealth
  3049 | D:3      | Reached XP level 5. HP: 23/24 MP: 4/10
  3235 | D:3      | Killed an ogre
  3521 | D:3      | Found a bloodstained altar of Trog.
  3879 | D:4      | Noticed Grinder
  3897 | D:4      | Reached skill level 8 in Stealth
  3897 | D:4      | Reached XP level 6. HP: 28/28 MP: 2/11
  4133 | D:4      | Got a masterwork battleaxe
  4154 | D:4      | Reached skill level 5 in Short Blades
  4362 | D:4      | Found a staircase to the Ecumenical Temple.
  4406 | D:4      | Killed from afar by an orc priest

Illustrated notes

Levels and vault maps discovered:
D:1:      kennysheep_arrival_seaside, layout_loops_ring, minmay_pentomino_s2
D:2:      layout_basic, minmay_misc_feat_roman
D:3:      layout_basic, first_ration, trog_butcher_becter
D:4:      layout_basic, temple_pool_b, uniq_grinder

Skill      XL: |  1  2  3  4  5  6 |
---------------+-------------------+-----
Stealth        | 5 6 7 8 |  8.0
Short Blades   | 2 3 4 5 |  5.0
Spellcasting   | 3 |  3.1
Dodging        | |  3.0
Hexes          | |  3.9

Action                   |  1- 3 |  4- 6 || total
-------------------------+-------+-------++-------
Melee: Dagger            |   174 |   162 ||   336
Throw: Dart              |       |    12 ||    12
 Cast: Ensorcelled Hiber |     8 |    40 ||    48
       Corona            |     1 |     1 ||     2
 Stab: Sleeping          |    16 |    27 ||    43
       Distracted        |       |     1 ||     1
  Eat: Ration            |       |     2 ||     2
Armor: Robe              |    12 |     5 ||    17
Dodge: Dodged            |   171 |   136 ||   307
